 Dungeon Crawl Stone Soup version 0.21.1-1-g345015fe64 (webtiles) character file.

249 Kohma the Skirmisher (level 6, -3/39 HPs)
             Began as a Gargoyle Fighter on June 19, 2018.
             Killed by divine providence
             ... invoked by an orc priest
              (12 damage)
             ... on level 3 of the Dungeon.
             The game lasted 00:07:01 (2598 turns).

Kohma the Skirmisher (Gargoyle Fighter)             Turns: 2598, Time: 00:07:02

Health: -3/39      AC: 13    Str: 22    XL:     6   Next: 12%
Magic:  6/6        EV:  7    Int:  8    God:
Gold:   92         SH:  9    Dex:  9    Spells: 5/5 levels left

rFire    . . .     SeeInvis .   a - +0 flail
rCold    . . .     Gourm    .   c - +0 shield
rNeg     + . .     Faith    .   b - +0 scale mail
rPois    ∞         Spirit   .   (no helmet)
rElec    +         Reflect  .   e - +1 cloak {MR+}
rCorr    .         Harm     .   (no gloves)
MR       +....                  (no boots)
Stlth    ..........             (no amulet)
HPRegen  0.13/turn              (no ring)
MPRegen  0.10/turn              (no ring)

@: no status effects
A: negative energy resistance 1, electricity resistance, unbreathing,
petrification resistance, rot immunity, AC +4
a: no special abilities


You were on level 3 of the Dungeon.
You were not hungry.

You visited 1 branch of the dungeon, and saw 3 of its levels.

You collected 92 gold pieces.

Inventory:

Hand Weapons
 a - a +0 flail (weapon)
 p - a +0 war axe
Missiles
 x - 14 bolts
Armour
 b - a +0 scale mail (worn)
 c - a +0 shield (worn)
 e - a +1 cloak of magic resistance (worn)
 s - a cursed +0 shield
 w - a +0 chain mail of magic resistance
Jewellery
 l - an uncursed amulet of faith {unknown}
 t - an uncursed ring of stealth {unknown}
Scrolls
 h - 2 scrolls of identify {unknown}
 m - 2 scrolls of enchant armour {unknown}
 r - a scroll of teleportation {unknown}
Potions
 d - 2 potions of might
 g - a potion of invisibility {unknown}
 j - a potion of haste {unknown}
 k - 2 potions of curing {unknown}
 n - a potion of resistance {unknown}
 o - a potion of flight {unknown}
 q - a potion of cancellation {unknown}
 v - a potion of magic {unknown}
Books
 u - a book of Changes

   Spells                             Type                      Level
   a - Beastly Appendage              Transmutation                1
   b - Sticks to Snakes               Transmutation                2
   c - Spider Form                    Transmutation/Poison         3
   d - Ice Form                       Ice/Transmutation            4
   e - Blade Hands                    Transmutation                5
Comestibles
 f - 6 rations
 i - 17 chunks of flesh


   Skills:
 + Level 4.6 Fighting
 + Level 3.5 Maces & Flails
 + Level 4.5 Armour
 + Level 4.6 Shields


You had 5 spell levels left.
You didn't know any spells.

Dungeon Overview and Level Annotations

Branches:
Dungeon (3/15)

Altars:
Qazlal
Sif Muna


Innate Abilities, Weirdness & Mutations

You are resistant to torment.
Your stone body is resilient. (AC +4)
You are immune to poison.
You resist negative energy. (rN+)
You are resistant to electric shocks. (rElec)
You can survive without breathing.
You are immune to petrification.
You are immune to rotting.


Message History

The orc priest calls down the wrath of Beogh upon you.
Beogh smites you! You block the bat's attack.
You see here a scroll labeled GAULOQ PYUMUZ.
m - 2 scrolls labeled GAULOQ PYUMUZ (gained 1)
You block the bat's attack. x2
The orc priest calls down the wrath of Beogh upon you.
Beogh smites you!
* * * LOW HITPOINT WARNING * * *
The orc hits you but does no damage. The bat hits you but does no damage.
The bat barely misses you. The bat hits you but does no damage. x2
The bat hits you but does no damage. You block the bat's attack.
The bat hits you but does no damage. The bat closely misses you.
You block the bat's attack. The bat hits you but does no damage.
The bat barely misses you.
The bat hits you but does no damage. x2; The bat barely misses you.
The bat barely misses you. The bat hits you but does no damage.
You block the bat's attack.
The orc priest mumbles some strange prayers to Beogh against you.
Beogh smites you!
You die...

#. #....[.####.#..#( ..._..
#...###.....#.... #....#.#..
#######'#####..## #........#
#.........# #.... #........##
#.##......# #(### . #.........#
#.##......# #÷# ..#.........#
#.##......# #)#
............###'###########(###
..........o.bo@......#.........
............obb......#.........
..#)........w........#.........
#..................#...).....
########....÷÷.....#.........
#................#.........
#.w..............#.........
#................##.....###
..................##........


You could see an orc priest, a dart slug, 2 orcs and 3 bats.

Vanquished Creatures
  A black bear (D:2)
  An orc wizard (D:3)
  4 adders
  A gnoll (D:3)
  An ooze (D:2)
  A worm (D:2)
  A dart slug (D:2)
  3 leopard geckos
  6 orcs (D:3)
  2 ball pythons
  5 bats
  4 giant cockroaches
  10 goblins
  12 hobgoblins
  3 kobolds
  A quokka (D:3)
  3 frilled lizards (D:2)
  9 rats
68 creatures vanquished.

Notes
Turn   | Place    | Note
-------+----------+-------------------------------------------
     0 | D:1      | Kohma the Gargoyle Fighter began the quest for the Orb.
     0 | D:1      | Reached XP level 1. HP: 14/14 MP: 1/1
   181 | D:1      | Reached XP level 2. HP: 19/19 MP: 2/2
   781 | D:2      | Reached XP level 3. HP: 22/24 MP: 3/3
   978 | D:2      | Found a faded altar of an unknown god.
  1205 | D:2      | Reached XP level 4. HP: 29/29 MP: 4/4
  1269 | D:2      | Noticed a black bear
  1286 | D:2      | Killed a black bear
  1286 | D:2      | Reached XP level 5. HP: 7/33 MP: 5/5
  1651 | D:2      | Found a stormy altar of Qazlal.
  2482 | D:3      | Reached XP level 6. HP: 29/39 MP: 6/6
  2515 | D:3      | Found a deep blue altar of Sif Muna.
  2598 | D:3      | Killed from afar by an orc priest

Skill      XL: |  1  2  3  4 |
---------------+-------------+-----
Fighting       | 4 |  4.6
Maces & Flails | 3 |  3.5
Armour         | 4 |  4.5
Shields        | 4 |  4.6

Action                   |  1- 3 |  4- 6 || total
-------------------------+-------+-------++-------
Melee: Flail             |   149 |   191 ||   340
  Eat: Chunk             |     1 |     5 ||     6
Armor: Scale mail        |   110 |   158 ||   268
Dodge: Dodged            |    54 |    80 ||   134
Block: Shield            |   107 |   149 ||   256
